 Dungeon Crawl Stone Soup version 0.17.0-23-g0de4337 (console) character file.

1498 jw the Cleaver (level 8, 57/57 HPs)
             Began as an Octopode Berserker on Nov 14, 2015.
             Was an Elder of Trog.
             Quit the game on level 6 of the Dungeon.
             The game lasted 00:23:01 (7695 turns).

jw the Cleaver (Octopode Berserker)                 Turns: 7695, Time: 00:23:01

Health: 57/57      AC:  2    Str: 16    XL:     8   Next: 81%
Magic:  8/8        EV: 13    Int: 12    God:    Trog [****..]
Gold:   309        SH:  0    Dex: 13    Spells: 0 memorised, 7 levels left

rFire  + . .     SeeInvis .     a - +2 hand axe
rCold  + . .     Clarity  .     (no shield)
rNeg   . . .     SustAt   .     (helmet restricted)
rPois  +         Gourm    .     (no amulet)
rElec  .         Spirit   .     o - ring of poison resistance
rCorr  .         Warding  .     (no ring)
rMut   .         Stasis   .     (no ring)
MR     .....                    (no ring)
Stlth  ++........               (no ring)
                                (no ring)
                                (no ring)
                                (no ring)

@: not resistant to hostile enchantments, unstealthy
A: almost no armour, amphibious, 8 rings, constrict 8, icy blue scales 1,
camouflage 1, clever 1, cold resistance 1, fire resistance 1, gelatinous body 1
a: Berserk, Trog's Hand, Brothers in Arms, Burn Spellbooks, Renounce Religion


You were on level 6 of the Dungeon.
You worshipped Trog.
Trog was greatly pleased with you.
You were not hungry.

You visited 1 branch of the dungeon, and saw 6 of its levels.

You collected 309 gold pieces.

Inventory:

Hand Weapons
 a - a +2 hand axe (weapon)
Missiles
 d - 7 steel javelins (quivered)
 j - 192 stones
 l - 12 poisoned needles
 r - 6 tomahawks
Jewellery
 o - a ring of poison resistance (left tentacle)
Wands
 s - a wand of confusion (30)
Scrolls
 k - 3 scrolls of identify
 t - a scroll of remove curse
Potions
 c - a potion of heal wounds
 e - 2 potions of haste
 g - 2 potions of flight
 m - a potion of mutation
 n - a potion of resistance
 p - a potion of beneficial mutation
 q - 2 potions of might
 v - 5 potions of curing
Comestibles
 b - 4 bread rations
 f - 3 meat rations
 h - 2 beef jerkies
 i - a royal jelly
 u - a slice of pizza


   Skills:
 + Level 5.9 Fighting
 * Level 8.2 Axes
 + Level 5.1 Throwing
 - Level 3.0 Dodging


You had 7 spell levels left.
You didn't know any spells.

Dungeon Overview and Level Annotations

Branches:
Dungeon (6/15)             Temple (0/1) D:4

Altars:
The Shining One

Shops:
D:5 [


Innate Abilities, Weirdness & Mutations

You cannot wear most types of armour.
You are amphibious.
You can wear up to eight rings at the same time.
You can use your tentacles to constrict eight enemies at once.
Your skin changes colour to match your surroundings (Stealth).
Your rubbery body absorbs attacks (AC +1).
You are partially covered in icy blue scales (AC +1).
Your mind is acute. (Int +2)
Your flesh is cold resistant.
Your flesh is heat resistant.


Message History

Sorry, I don't know how to get there.
(D) Dungeon (T) Temple
Where to? (Enter - D:7, ? - help) Sorry, I don't know how to get there.
Quiver which item? (- for none, * to show all) (? for menu, Esc to quit)
Reset throwing quiver to default.
Quiver which item? (- for none, * to show all) (? for menu, Esc to quit)
Reset throwing quiver to default.
Partly explored, can't reach some places.
(D) Dungeon (T) Temple
Where to? (Enter - D:7, ? - help) Sorry, I don't know how to get there.
(D) Dungeon (T) Temple
Where to? (Enter - D:7, ? - help) Sorry, I don't know how to get there.
(D) Dungeon (T) Temple
Where to? (Enter - D:7, ? - help) Sorry, I don't know how to get there.
Infinite lua loop detected, aborting.
Are you sure you want to abandon this character and quit the game? (Confirm with "yes".)

.##..###..#
#..# .....#
##.# # #..#
.....# #.#
######¤¤#
#########..
#8#¤¤¤¤¤#
..........##
######¤.#
########..# #
#..# #..# #
#..#
#..####.####..#
#...)..¤.x...##
.....).#####
#######


There were no monsters in sight!

Table legend:
 A = Turns spent in this place as a percentage of turns spent in the entire game.
 B = Non-inter-level travel turns spent in this place as a percentage of non-inter-level travel turns spent in the entire game.
 C = Inter-level travel turns spent in this place as a percentage of turns spent in this place.
 D = Turns resting spent in this place as a percentage of non-inter-level travel turns spent in this place.
 E = Turns spent auto-exploring this place as a percentage of non-inter-level travel turns spent in this place.
 F = Non-inter-level travel turns spent in this place divided by the number of levels of this place that you've seen.
                   A       B       C       D       E      F
               +-------+-------+-------+-------+-------+----------------------
         Total | 100.0 | 100.0 |   2.9 |   1.0 |   2.2 | 2376.7
       Dungeon | 100.0 | 100.0 |   2.9 |   1.0 |   2.2 | 2376.7
               +-------+-------+-------+-------+-------+----------------------

Table legend:
 A = Kills in this place as a percentage of kills in entire the game.
 B = Kills by you in this place as a percentage of kills by you in the entire game.
 C = Kills by friends in this place as a percentage of kills by friends in the entire game.
 D = Other kills in this place as a percentage of other kills in the entire game.
 E = Experience gained in this place as a percentage of experience gained in the entire game.
 F = Experience gained in this place divided by the number of levels of this place that you have seen.
                   A       B       C       D       E      F
               +-------+-------+-------+-------+-------+----------------------
         Total | 100.0 | 100.0 |  -nan |  -nan | 100.0 | 356.8
       Dungeon | 100.0 | 100.0 |  -nan |  -nan | 100.0 | 356.8
               +-------+-------+-------+-------+-------+----------------------

Vanquished Creatures
  A phantom (D:6)
  An orc warrior (D:3)
  4 ogres
  2 centaurs
  2 giant frogs (D:6)
  A scorpion (D:4)
  A water moccasin skeleton (D:6)
  The ghost of jw the Chopper, a weakling OpBe of Trog (D:3)
  A crimson imp (D:6)
  An orc priest (D:5)
  A hound (D:6)
  Crazy Yiuf (D:2)
  A jelly (D:5)
  3 orc wizards
  A giant frog skeleton (D:4)
  An iguana (D:4)
  2 worker ants
  A worker ant zombie (D:6)
  Robin (D:2)
  6 adders
  A shadow imp (D:5)
  An ooze (D:1)
  3 worms
  An adder skeleton (D:6)
  9 giant geckos
  17 orcs
  A ball python (D:2)
  11 bats
  9 hobgoblins
  11 jackals
  4 kobolds
  3 quokkas
  3 giant cockroaches
  9 giant newts
  21 goblins
  A quokka zombie (D:6)
  8 rats
  A butterfly (D:4)
147 creatures vanquished.

Vanquished Creatures (others)
  3 gnolls (D:6)
3 creatures vanquished.

Grand Total: 150 creatures vanquished

Notes
Turn   | Place    | Note
--------------------------------------------------------------
     0 | D:1      | jw the Octopode Berserker began the quest for the Orb.
     0 | D:1      | Reached XP level 1. HP: 16/16 MP: 1/1
   206 | D:1      | Reached XP level 2. HP: 17/21 MP: 2/2
   415 | D:1      | Reached skill level 1 in Throwing
   415 | D:1      | Reached XP level 3. HP: 26/26 MP: 3/3
   542 | D:1      | Reached ** piety under Trog
  1450 | D:2      | Reached skill level 4 in Axes
  1450 | D:2      | Reached XP level 4. HP: 31/31 MP: 4/4
  1513 | D:2      | Noticed Robin
  1519 | D:2      | Killed Robin
  1861 | D:2      | Reached *** piety under Trog
  2199 | D:2      | Noticed Crazy Yiuf
  2208 | D:2      | Killed Crazy Yiuf
  2208 | D:2      | Reached XP level 5. HP: 35/37 MP: 5/5
  2798 | D:2      | Gained mutation: Your flesh is heat resistant. [potion of mutation]
  2798 | D:2      | Gained mutation: Your mind is acute. (Int +2) [potion of mutation]
  2798 | D:2      | Gained mutation: You are partially covered in icy blue scales (AC +1). [potion of mutation]
  3014 | D:3      | Noticed jw's ghost (weakling OpBe)
  3021 | D:3      | HP: 2/55 [jw's ghost (2)]
  3022 | D:3      | Killed jw's ghost
  3022 | D:3      | Reached skill level 5 in Axes
  3442 | D:3      | Noticed an orc warrior
  3540 | D:3      | Killed an orc warrior
  3540 | D:3      | Reached XP level 6. HP: 43/43 MP: 6/6
  3879 | D:3      | Found a glowing golden altar of the Shining One.
  4449 | D:4      | Received a gift from Trog
  4751 | D:4      | Reached skill level 6 in Axes
  4751 | D:4      | Reached XP level 7. HP: 49/49 MP: 7/7
  4764 | D:4      | Found a staircase to the Ecumenical Temple.
  4993 | D:4      | Reached **** piety under Trog
  5647 | D:4      | Gained mutation: Your flesh is cold resistant. [potion of beneficial mutation]
  5675 | D:5      | Entered Level 5 of the Dungeon
  5830 | D:5      | Found Hivioschu's Antique Armour Boutique.
  5837 | D:5      | Reached skill level 5 in Fighting
  6289 | D:5      | Reached skill level 7 in Axes
  6289 | D:5      | Reached XP level 8. HP: 23/55 MP: 8/8
  6976 | D:6      | HP: 1/56 [centaur/arrow (14)]
  7401 | D:6      | Reached skill level 8 in Axes
  7401 | D:6      | Reached skill level 5 in Throwing
  7695 | D:6      | Quit the game

Action                   |  1- 3 |  4- 6 |  7- 9 || total
-------------------------+-------+-------+-------++-------
Melee: Hand axe          |    87 |   114 |    83 ||   284
Throw: Stone             |    22 |    89 |     3 ||   114
       Javelin           |       |     7 |    52 ||    59
Invok: Berserk           |     1 |     3 |     2 ||     6
       Trog's Hand       |       |     1 |       ||     1
  Use: Potion            |     4 |     7 |     5 ||    16
       Scroll            |       |     5 |     7 ||    12
 Stab: Sleeping          |     4 |     2 |     1 ||     7
  Eat: Chunk             |     3 |    14 |     6 ||    23
       Bread ration      |       |       |     1 ||     1

Vault maps used:
D:1:      sevenhm_arrival_forest_fort_large_4, nrook_mini_vaults,
          minmay_bisected
D:2:      kennysheep_generic_room_9, uniq_crazy_yiuf_cottage, uniq_robin
D:3:      tso_altar
D:4:      minmay_temple_entry_butterflies, first_bread
D:5:      serial_shops, nicolae_shop_temple_entry_statues_fountains
D:6:      lemuel_flamethrower_2
